 Dungeon Crawl Stone Soup version 0.21.1-1-g345015fe64 (webtiles) character file.

8451 Faustar the Carver (level 11, -9/84 HPs)
             Began as a Formicid Abyssal Knight on June 6, 2018.
             Was a Priest of Lugonu.
             Mangled by a spiny frog (12 damage)
             ... on level 1 of the Lair of Beasts.
             The game lasted 00:30:50 (13501 turns).

Faustar the Carver (Formicid Abyssal Knight)       Turns: 13501, Time: 00:30:50

Health: -9/84      AC: 14    Str: 21    XL:     11   Next: 56%
Magic:  0/18       EV:  8    Int: 11    God:    Lugonu [***...]
Gold:   341        SH:  0    Dex: 10    Spells: 10/10 levels left

rFire    . . .     SeeInvis +   u - +2 long sword (freeze)
rCold    . . .     Gourm    .   (no shield)
rNeg     + . .     Faith    .   G - +0 chain mail
rPois    .         Spirit   +   (helmet unavailable)
rElec    .         Reflect  .   C - +0 cloak
rCorr    .         Harm     .   (no gloves)
MR       +....                  b - +0 pair of boots
Stlth    ..........             M - amulet of guardian spirit
HPRegen  0.24/turn              F - ring of positive energy
MPRegen  0.16/turn              (no ring)

@: no status effects
A: permanent stasis, dig shafts and tunnels, four strong arms, antennae 3
a: Dig, Shaft Self, Depart the Abyss, Bend Space, Banish, Renounce Religion


You were on level 1 of the Lair of Beasts.
You worshipped Lugonu.
Lugonu was most pleased with you.
You were not hungry.

You visited 3 branches of the dungeon, and saw 11 of its levels.
You visited the Abyss 1 time.

You collected 341 gold pieces.

Inventory:

Hand Weapons
 u - a +2 long sword of freezing (weapon)
Armour
 b - a +0 pair of boots (worn)
 w - a +0 leather armour of magic resistance
 y - a +0 chain mail
 C - a +0 cloak (worn)
 D - a +0 leather armour of poison resistance
 G - a +0 chain mail (worn)
 L - a +0 buckler
Jewellery
 t - an uncursed ring of stealth
 E - an uncursed ring of fire
 F - a ring of positive energy (left hand)
 I - an uncursed ring of stealth
 M - an amulet of guardian spirit (around neck)
Wands
 k - a wand of disintegration (11)
 J - a wand of polymorph (18)
Scrolls
 a - 2 scrolls of random uselessness {unknown}
 d - 5 scrolls of remove curse
 f - 7 scrolls of teleportation {unknown}
 g - 3 scrolls of amnesia {unknown}
 h - 10 scrolls of identify {unknown}
 i - 3 scrolls of magic mapping {unknown}
 l - 5 scrolls of enchant weapon {unknown}
 o - 2 scrolls of immolation {unknown}
 q - 2 scrolls of fog {unknown}
 x - a scroll of blinking {unknown}
 A - 2 scrolls of enchant armour {unknown}
 B - a scroll of silence {unknown}
 K - 3 scrolls of fear {unknown}
Potions
 e - a potion of mutation {unknown}
 j - a potion of invisibility {unknown}
 m - 3 potions of curing
 n - 2 potions of berserk rage {unknown}
 p - 2 potions of agility {unknown}
 r - 3 potions of might
 s - a potion of lignification {unknown}
 v - a potion of heal wounds
 z - a potion of flight {unknown}
 O - 2 potions of resistance {unknown}
Books
 H - a book of Necromancy

   Spells                             Type                      Level
   a - Pain                           Necromancy                   1
   b - Animate Skeleton               Necromancy                   1
   c - Vampiric Draining              Necromancy                   3
   d - Regeneration                   Charms/Necromancy            3
   e - Animate Dead                   Necromancy                   4
   f - Borgnjor's Vile Clutch         Necromancy/Earth             5
Comestibles
 c - 10 rations
 N - 5 chunks of flesh


   Skills:
 * Level 7.4 Fighting
 - Level 10.7 Long Blades
 - Level 10.2 Armour
 - Level 0.8 Dodging
 * Level 0.6 Shields
 - Level 10.0 Invocations


You had 10 spell levels left.
You didn't know any spells.

Dungeon Overview and Level Annotations

Branches:
Dungeon (9/15)             Temple (0/1) D:6            Lair (1/6) D:8
    Orc (1/2) D:9

Altars:
Ashenzari
Cheibriados
Dithmenos
Makhleb
Okawaru
Qazlal
Ru
Uskayaw
Zin

Shops:
D:8 [   D:9 *

Annotations:
D:5 Duvessa
D:6 1 runed door
D:9 Delanovic's ghost, novice DsGl


Innate Abilities, Weirdness & Mutations

You cannot be hasted, slowed, berserked, paralysed or teleported.
You can dig through walls and to a lower floor.
Your four strong arms can wield two-handed weapons with a shield.
You have a pair of large antennae on your head. (SInv)


Message History

The spiny frog stings you but does no damage.
Unknown command.
You hit the spiny frog but do no damage.
The spiny frog is moderately wounded.
The spiny frog is no longer moving slowly.
The wolf barely misses you.
You riposte.
You barely miss the wolf.
The wolf is severely wounded.
The wolf bites you.
* * * LOW HITPOINT WARNING * * *
The spiny frog stings you but does no damage.
You hit the spiny frog but do no damage.
The spiny frog is moderately wounded.
The wolf bites you but does no damage. The spiny frog stings you!
* * * LOW HITPOINT WARNING * * *
You slash the spiny frog! You freeze the spiny frog.
The spiny frog is severely wounded.
The wolf bites you.
* * * LOW HITPOINT WARNING * * *
The spiny frog stings you!
You die...

#..........#####
#..........P#
#...........#
#..........##
#..........##
#...........#
#..........##
###..........#
#@Fh.........### #
##hH.........#.###
#................
#................
##...............
#...............
#........#.#.#.#
#.........#######
##........#


You could see a hippogriff, a spiny frog and 2 wolves.

Vanquished Creatures
  A two-headed ogre (D:8)
  Pikel (D:5)
  Maurice (D:8)
  3 spiny frogs (Lair:1)
  The ghost of supermoro the Sneak, a novice KoEn (D:4)
  A troll (D:8)
  Prince Ribbit (D:6)
  5 hippogriffs
  3 blink frogs
  A warg (D:9)
  A hell hound (D:8)
  2 porcupines (Lair:1)
  4 water moccasins (Lair:1)
  An ice beast (D:9)
  An orc warrior (D:6)
  A sky beast (D:6)
  An eye of draining (D:8)
  2 phantoms (D:5)
  A necrophage (D:8)
  2 wolves (Lair:1)
  4 ogres
  4 centaurs
  A crocodile (Lair:1)
  5 bullfrogs
  3 scorpions
  A crimson imp (D:6)
  A bullfrog zombie (D:6)
  A centaur zombie (D:9)
  3 hounds
  5 jellies (D:5)
  6 orc priests
  2 iguanas
  6 orc wizards
  4 worker ants
  7 hound skeletons
  A howler monkey skeleton (D:6)
  6 adders
  A shadow imp (D:8)
  An ooze (D:3)
  2 adder zombies
  2 adder skeletons (D:4)
  3 dart slugs
  6 leopard geckos
  23 orcs
  7 giant cockroaches
  6 goblins
  6 hobgoblins
  8 jackals
  10 kobolds
  4 quokkas
  3 ball pythons
  A ball python skeleton (D:4)
  8 bats
  2 frilled lizards (D:2)
  A jackal zombie (D:6)
  A quokka skeleton (D:7)
  9 rats
198 creatures vanquished.

Vanquished Creatures (others)
  A centaur skeleton (D:5)
  A worker ant (D:8)
  3 jackals (D:5)
  A fungus (Lair:1)
  2 plants
8 creatures vanquished.

Grand Total: 206 creatures vanquished

Notes
Turn   | Place    | Note
-------+----------+-------------------------------------------
     0 | Abyss:1  | Faustar the Formicid Abyssal Knight began the quest for the Orb.
     0 | Abyss:1  | Reached XP level 1. HP: 18/18 MP: 2/2
     0 | D:1      | Escaped the Abyss
    65 | D:1      | Reached * piety under Lugonu
   314 | D:1      | Reached XP level 2. HP: 24/24 MP: 3/3
   710 | D:1      | Reached XP level 3. HP: 24/29 MP: 4/4
  1369 | D:2      | Found a faded altar of an unknown god.
  1880 | D:3      | Reached XP level 4. HP: 5/35 MP: 5/5
  2426 | D:3      | Reached XP level 5. HP: 39/41 MP: 6/6
  2488 | D:3      | Reached ** piety under Lugonu
  2592 | D:3      | Reached skill level 5 in Long Blades
  3613 | D:4      | Found a shadowy altar of Dithmenos.
  3702 | D:4      | Reached XP level 6. HP: 38/47 MP: 7/7
  3707 | D:4      | Noticed supermoro's ghost (novice KoEn)
  3766 | D:4      | Killed supermoro's ghost
  3766 | D:4      | Reached XP level 7. HP: 20/52 MP: 8/8
  4076 | D:4      | Found a hide-covered altar of Uskayaw.
  4077 | D:4      | Found an iron altar of Okawaru.
  4077 | D:4      | Found a glowing silver altar of Zin.
  4078 | D:4      | Found a snail-covered altar of Cheibriados.
  4081 | D:4      | Found a sacrificial altar of Ru.
  5191 | D:5      | Entered Level 5 of the Dungeon
  5460 | D:5      | Reached XP level 8. HP: 39/58 MP: 9/9
  5989 | D:5      | Noticed Pikel
  6038 | D:5      | Killed Pikel
  6038 | D:5      | Reached skill level 10 in Long Blades
  6038 | D:5      | Reached XP level 9. HP: 43/64 MP: 10/10
  6370 | D:5      | Noticed Duvessa
  6510 | D:6      | Reached *** piety under Lugonu
  6756 | D:6      | Noticed Prince Ribbit
  6949 | D:6      | Killed Prince Ribbit
  6949 | D:6      | Reached skill level 5 in Armour
  7669 | D:6      | Found a staircase to the Ecumenical Temple.
  7877 | D:6      | Found a runed door.
  7959 | D:6      | Found a shattered altar of Ashenzari.
  9025 | D:7      | Reached XP level 10. HP: 34/70 MP: 11/11
  9541 | D:8      | Noticed a two-headed ogre
  9550 | D:8      | Killed a two-headed ogre
  9550 | D:8      | Reached skill level 10 in Armour
  9749 | D:8      | Found a burning altar of Makhleb.
  9774 | D:8      | Reached **** piety under Lugonu
  9886 | D:8      | Found a staircase to the Lair.
  9976 | D:8      | Reached skill level 5 in Invocations
 10365 | D:8      | Found a stormy altar of Qazlal.
 10446 | D:8      | Found Quujoen's Armour Emporium.
 10501 | D:8      | Noticed Maurice
 10542 | D:8      | Killed Maurice
 10957 | Lair:1   | Entered Level 1 of the Lair of Beasts
 11058 | D:9      | Found a staircase to the Orcish Mines.
 11074 | D:9      | Noticed a two-headed ogre
 11076 | D:9      | Found Zonaucuwk's General Store.
 11349 | D:9      | Noticed Delanovic's ghost (novice DsGl)
 11419 | Orc:1    | Entered Level 1 of the Orcish Mines
 11419 | Orc:1    | Noticed an orc knight
 11429 | D:9      | Banished an orc knight
 11435 | D:9      | Reached XP level 11. HP: 23/74 MP: 2/17
 12054 | Lair:1   | Reached skill level 10 in Invocations
 12356 | Lair:1   | Reached skill level 5 in Fighting
 13501 | Lair:1   | HP: 3/84 [wolf (5)]
 13501 | Lair:1   | Mangled by a spiny frog

Skill      XL: |  1  2  3  4  5  6  7  8  9 10 11 |
---------------+----------------------------------+-----
Long Blades    | 3 4 5 7 8 10 | 10.7
Armour         | 8 10 | 10.2
Invocations    | 8 10 | 10.0
Fighting       | 7 |  7.4
Dodging        | |  0.8
Shields        | |  0.6

Action                   |  1- 3 |  4- 6 |  7- 9 | 10-12 || total
-------------------------+-------+-------+-------+-------++-------
Melee: Falchion          |    82 |   146 |    16 |       ||   244
       Long sword        |       |       |   243 |   321 ||   564
Invok: Depart the Abyss  |     1 |       |       |       ||     1
       Banish            |       |       |       |     4 ||     4
       Bend Space        |       |       |       |     1 ||     1
 Abil: Dig               |       |       |       |     1 ||     1
Evoke: Wand              |       |     1 |     2 |     3 ||     6
  Use: Potion            |       |       |     1 |     3 ||     4
       Scroll            |       |       |       |     1 ||     1
  Eat: Chunk             |     2 |     7 |     7 |    12 ||    28
       Ration            |       |       |     3 |     1 ||     4
Armor: Leather armour    |    27 |    30 |    37 |       ||    94
       Chain mail        |       |       |     9 |   204 ||   213
Dodge: Dodged            |    56 |    68 |   116 |   132 ||   372
       Rpst.: Falchion   |    21 |    22 |     2 |       ||    45
       Long sword        |       |       |    29 |    34 ||    63
